 Dungeon Crawl Stone Soup version 0.15-a0-717-ga3c592f (webtiles) character file.

2366 MrRokkomies the Jinx (level 9, -9/57 HPs)
             Began as a Vampire Enchanter on May 10, 2014.
             Was a Believer of Qazlal.
             Killed from afar by a big kobold zombie (26 damage)
             ... with an exploding inner flame
             ... hexed by the player character
             ... in an ossuary.
             The game lasted 00:28:18 (6657 turns).

MrRokkomies the Jinx (Vampire Enchanter)            Turns: 6657, Time: 00:28:18

HP  -9/57        AC  5     Str  8      XL: 9   Next: 21%
MP  14/21        EV 16     Int 19      God: Qazlal [**....]
Gold 333         SH  6     Dex 14      Spells:  5 memorised,  6 levels left

rFire  + . .     SeeInvis +     a - +2,+3 dagger
rCold  + . .     Clarity  .     b - +1 robe
rNeg   + + .     Conserve .     (no shield)
rPois  +         rCorr    +     y - +0 helmet
rElec  .         rRot     +     C - +0 cloak
SustAb + .       Spirit   .     (no gloves)
rMut   .         Warding  .     (no boots)
Gourm  .         Stasis   .     J - amulet of resist corrosion
MR     .....                    j - ring of protection from fire
                                D - ring of sustain abilities

@: regenerating slowly, not resistant to hostile enchantments, unstealthy
A: bottle blood, fangs 3, see invisible, unbreathing
a: Bat Form, Bottle Blood, Upheaval, Renounce Religion


You were in an ossuary.
You worshipped Qazlal.
Qazlal was pleased with you.
You were thirsty.

You visited 1 branch of the dungeon, and saw 7 of its levels.
You also visited: Sewer and Ossuary.

You collected 333 gold pieces.

Inventory:

Hand weapons
 a - a +2,+3 dagger (weapon)
 h - a +0,+0 sling
 r - a +0 blowgun
 I - a +0,+0 long sword
Missiles
 d - 10 darts (quivered)
 k - 42 stones
 m - 3 exploding darts
 n - 22 poisoned needles
 K - 4 needles of confusion
Armour
 b - a +1 robe (worn)
 y - a +0 helmet (worn)
 C - a +0 cloak (worn)
Magical devices
 q - a wand of slowing (3)
 A - a wand of random effects (1)
 M - a wand of polymorph (14)
Scrolls
 l - 3 scrolls of recharging
 s - a scroll of remove curse
 L - 2 scrolls of fog
Jewellery
 j - a ring of protection from fire (right hand)
 D - a ring of sustain abilities (left hand)
 J - an amulet of resist corrosion (around neck)
Potions
 e - 2 potions of might
 f - a potion of flight
 i - 2 potions of curing
 o - a potion of cure mutation
 p - 3 potions of heal wounds
 t - 3 potions of agility
 u - a potion of mutation {unknown}
 v - 3 potions of degeneration {unknown}
 w - 2 potions of berserk rage {unknown}
 x - a potion of brilliance {unknown}
 z - a potion of lignification {unknown}
 B - a potion of resistance {unknown}
 E - a potion of restore abilities {unknown}
 N - a potion of poison {unknown}
 P - 2 potions of paralysis {unknown}
Books
 c - a book of Maledictions

   Spells                             Type                      Level
   *Corona                            Hexes                        1
   Sure Blade                         Hexes/Charms                 2
   *Ensorcelled Hibernation           Hexes/Ice                    2
   *Confuse                           Hexes                        3
   *Dazzling Spray                    Conjuration/Hexes            3
   *Enslavement                       Hexes                        4
 F - Sif Muna's Papyrus of the Oath
   (You found it on level 5 of the Dungeon)

   Spells                             Type                      Level
   Confusing Touch                    Hexes                        1
 G - Kikubaaqudgha's Catalogue of Darkness
   (You found it on level 5 of the Dungeon)

   Spells                             Type                      Level
   Animate Skeleton                   Necromancy                   1
 H - Vehumet's Incunabulum of Battle Magic
   (You found it on level 5 of the Dungeon)

   Spells                             Type                      Level
   Magic Dart                         Conjuration                  1


   Skills:
 - Level 6.2 Short Blades
 - Level 0.7 Throwing
 + Level 7.4 Dodging
 + Level 3.3 Stealth
 - Level 5.5 Spellcasting
 - Level 10.4 Hexes


You had 6 spell levels left.
You knew the following spells:

 Your Spells              Type           Power        Failure   Level  Hunger
a - Corona                Hex            #####..      1%          1    None
b - Ensorcelled Hibernat  Hex/Ice        ####..       1%          2    None
c - Enslavement           Hex            #####...     1%          4    ####...
d - Confuse               Hex            #####...     1%          3    ##.....
e - Dazzling Spray        Conj/Hex       ####....     4%          3    ##.....


Dungeon Overview and Level Annotations

Branches:
Dungeon (7/15)             Temple (0/1) D:6

Altars:
Elyvilon
Fedhas
Gozag
Kikubaaqudgha
Nemelex Xobeh
Okawaru
Qazlal
Sif Muna
Vehumet
Zin
The Shining One

Annotations:
D:5 soonmide's ghost, experienced OgAs


Innate Abilities, Weirdness & Mutations

You heal slowly.
You can bottle blood from corpses.
You have razor-sharp teeth.*
You have supernaturally acute eyesight.
You can survive without breathing.*


Message History

The fiery explosion engulfs the goblin zombie.
The goblin zombie explodes!
The fiery explosion engulfs the hobgoblin zombie.
The hobgoblin zombie explodes!
The fiery explosion engulfs the big kobold zombie. x2
The fiery explosion engulfs you! You resist. Qazlal accepts your kill. x2
The fiery explosion engulfs you! You resist.
The fiery explosion engulfs the goblin zombie.
The goblin zombie explodes!
The fiery explosion engulfs you! You resist.
One of your 3 scrolls of remove curse catches fire!
* * * LOW HITPOINT WARNING * * *
Qazlal accepts your kill.
The fiery explosion engulfs the big kobold zombie.
The big kobold zombie explodes!
The fiery explosion engulfs the big kobold zombie.
The fiery explosion engulfs you! You resist.
One of your 2 scrolls of remove curse catches fire!
You die...

#...........#
##.........##
#...........#
##.........##
#...........#
#.MZ# #§§Z#
##§§§##
##§§§@§##
#..§§§..#
#....§..#
#...∩...#
##.....##
##...## #####


You could see a mummy (inner flame), a goblin zombie (inner flame) and a big
kobold zombie (inner flame).

Vanquished Creatures
  Pikel (D:4)
  2 hippogriffs (D:7)
  An orc warrior (D:7)
  An ogre (D:7)
  A necrophage (D:6)
  Sigmund (D:2)
  A big kobold (D:7)
  Blork the orc (D:5)
  An elf zombie (Ossuary)
  2 giant frogs
  2 goliath beetles
  2 scorpions (D:4)
  A hippogriff skeleton (D:5)
  4 crimson imps
  A jelly (D:6)
  An orc priest (D:5)
  A centaur skeleton (D:7)
  A gnoll shaman (D:7)
  4 hounds
  4 worker ants
  An orc wizard (D:7)
  A big kobold zombie (Ossuary)
  Ijyb (D:5)
  5 gnolls
  5 adders
  An inept item mimic (D:6)
  A giant mite (D:4)
  A shadow imp (D:6)
  2 worms
  An adder zombie (D:6)
  7 orcs
  10 bats
  A bat skeleton (D:7)
  2 giant cockroaches
  2 gnoll zombies
  13 hobgoblins
  A quokka (D:6)
  25 ball pythons
  3 giant geckos
  4 giant newts
  2 giant spores (D:7)
  16 goblins
  2 goblin zombies (Ossuary)
  A hobgoblin skeleton (D:4)
  2 hobgoblin zombies (Ossuary)
  3 jackals (D:2)
  10 kobolds
  20 rats
  A rat zombie (D:7)
  2 ballistomycetes (D:7)
179 creatures vanquished.

Vanquished Creatures (collateral kills)
  Eustachio (D:6)
  A crimson imp (D:6)
  An iron imp (D:6)
  2 gnolls (D:6)
  An adder (D:4)
  3 orcs
  A goblin (D:6)
  3 kobolds (D:7)
13 creatures vanquished.

Vanquished Creatures (others)
  An orc priest (D:4)
  An orc (D:6)
  A goblin (D:6)
3 creatures vanquished.

Grand Total: 195 creatures vanquished

Notes
Turn   | Place    | Note
--------------------------------------------------------------
     0 | D:1      | MrRokkomies, the Vampire Enchanter, began the quest for the Orb.
     0 | D:1      | Reached XP level 1. HP: 13/13 MP: 3/3
   440 | D:1      | Reached skill level 5 in Hexes
   471 | D:1      | Reached XP level 2. HP: 11/19 MP: 4/4
   475 | D:1      | Learned a level 2 spell: Ensorcelled Hibernation
  1259 | D:2      | Reached skill level 6 in Hexes
  1259 | D:2      | Reached XP level 3. HP: 16/24 MP: 0/6
  1598 | D:2      | Noticed Sigmund
  1621 | D:2      | Killed Sigmund
  1621 | D:2      | Reached skill level 7 in Hexes
  1621 | D:2      | Reached XP level 4. HP: 10/30 MP: 1/7
  2270 | D:3      | Reached XP level 5. HP: 32/35 MP: 1/9
  2282 | D:3      | Learned a level 4 spell: Enslavement
  2479 | D:3      | Found a sparkling altar of Nemelex Xobeh.
  2507 | D:3      | Found a glowing drain.
  2538 | Sewer    | Entered a sewer
  3151 | D:3      | Found a stormy altar of Qazlal.
  3156 | D:3      | Became a worshipper of Qazlal Stormbringer
  3196 | D:3      | Found a blossoming altar of Fedhas.
  3417 | D:4      | Noticed a slave
  3460 | D:4      | Reached skill level 8 in Hexes
  3566 | D:4      | Reached XP level 6. HP: 41/41 MP: 6/10
  3882 | D:4      | Found a glowing silver altar of Zin.
  3882 | D:4      | Found a white marble altar of Elyvilon.
  3883 | D:4      | Found a glowing golden altar of the Shining One.
  4061 | D:4      | Noticed Pikel
  4061 | D:4      | Noticed a slave
  4086 | D:4      | Killed Pikel
  4086 | D:4      | Reached skill level 10 in Hexes
  4086 | D:4      | Reached XP level 7. HP: 13/46 MP: 7/12
  4087 | D:4      | Noticed a freed slave
  4089 | D:4      | Noticed a freed slave
  4670 | D:5      | Entered Level 5 of the Dungeon
  4711 | D:5      | Noticed Blork the orc
  4725 | D:5      | Killed Blork the orc
  4802 | D:5      | Noticed soonmide's ghost (experienced OgAs)
  4893 | D:5      | Reached XP level 8. HP: 28/52 MP: 12/14
  5069 | D:5      | Noticed Ijyb
  5089 | D:5      | Killed Ijyb
  5144 | D:5      | Found an iron altar of Okawaru.
  5195 | D:5      | Found a deep blue altar of Sif Muna.
  5199 | D:5      | Identified Sif Muna's Papyrus of the Oath
  5203 | D:5      | Found an ancient bone altar of Kikubaaqudgha.
  5207 | D:5      | Identified Kikubaaqudgha's Catalogue of Darkness
  5211 | D:5      | Found a radiant altar of Vehumet.
  5215 | D:5      | Identified Vehumet's Incunabulum of Battle Magic
  5305 | D:6      | Found a staircase to the Ecumenical Temple.
  5305 | D:6      | Noticed Eustachio
  5339 | D:6      | Killed Eustachio
  5504 | D:6      | Acquired Qazlal's first power
  5530 | D:6      | Found an opulent altar of Gozag.
  5695 | D:6      | Reached skill level 5 in Dodging
  6275 | D:7      | Found a deep blue altar of Sif Muna.
  6404 | D:7      | Acquired Qazlal's second power
  6404 | D:7      | Reached skill level 5 in Spellcasting
  6404 | D:7      | Reached XP level 9. HP: 39/57 MP: 14/21
  6493 | D:7      | Found a sand-covered staircase.
  6577 | Ossuary  | Entered an ossuary
  6614 | Ossuary  | Learned a level 3 spell: Confuse
  6618 | Ossuary  | Learned a level 3 spell: Dazzling Spray
  6657 | Ossuary  | Killed from afar by a big kobold zombie

Action                   |  1- 3 |  4- 6 |  7- 9 || total
-------------------------+-------+-------+-------++-------
Melee: Dagger            |   152 |   256 |   292 ||   700
 Fire: Blowgun           |       |       |    15 ||    15
Throw: Dart              |       |       |     3 ||     3
 Cast: Ensorcelled Hiber |    13 |    31 |    41 ||    85
       Enslavement       |       |     3 |    10 ||    13
       Corona            |       |     1 |       ||     1
       Confuse           |       |       |     1 ||     1
Evoke: Wand              |     3 |       |     4 ||     7
  Use: Scroll            |     6 |     7 |     5 ||    18
       Potion            |     1 |     1 |       ||     2
 Stab: Sleeping          |    10 |    23 |    25 ||    58
       Distracted        |       |       |     2 ||     2
       Confused          |       |       |     2 ||     2
